 BcadrenCrawl: Boulder Brew version 0.05.4-52-gbd2e00ed8b (webtiles) character file.

Game seed: 856648195947651352, levelgen mode: deterministic

263 namelastname112 the Magician (level 5, -2/67 HPs) Immature Draconian Transmuter. Began on May 17, 2022. Slain by Prince Ribbit (5 damage) ... on level 2 of the Dungeon. The game lasted 00:02:13 (1110 turns).

namelastname112 the Magician (DrTm)                 Turns: 1110, Time: 00:02:14

Health: -2/67      AC: 22    Str: 12    XL:     5 ^: 4
Magic:  8/10       EV:  2    Int: 14    God:
Gold:   66         SH:  0    Dex: 12    Spells: 8/11 levels left

rFire    . . .     Vision   .     - Unarmed
rCold    . . .     Gourm    .     - Unarmed
rNeg     + + +     Faith    .   (armour currently unavailable)
rCorr    . . .     Spirit   .   (helmet currently unavailable)
rPois    +         Reflect  .   (cloak currently unavailable)
rElec    .         Harm     .   (gloves currently unavailable)
MR       +....     NoTele   +   (boots currently unavailable)
Stlth    +.........             (no amulet)
HPRegen  0.32/turn              c - ring of protection from magic
MPRegen  0.20/turn              (no ring)

@: tree-form (expiring), very slightly contaminated, invisible
A: AC +6
a: no special abilities


You were on level 2 of the Dungeon.
You were not hungry.
You were a tree.
You visited 1 branch of the dungeon, and saw 2 of its levels.

You collected 66 gold pieces.

Inventory:

Jewellery
 c - a ring of protection from magic (left branch)
Scrolls
 d - a scroll of blinking
 f - a scroll of fog
 g - a scroll of fear
 h - 2 scrolls of magic mapping
Potions
 a - a potion of cure mutation
 e - 2 potions of might
 i - a potion of amnesia
 j - a potion of gain intelligence
Comestibles
 b - 7 rations
 n - 2 chunks of flesh


   Skills:
 + Level 3.0 Fighting
 + Level 2.4 Dodging
 + Level 3.4 Unarmed Combat
 + Level 3.9 Spellcasting
 * Level 3.3 Transmutations


You had 8 spell levels left.
You knew the following spells:

 Your Spells              Type           Power        Failure   Level  Hunger
a - Beastly Appendage Tmut 12 (50) 4% 1 0-5 x - Sticks to Snakes Tmut           12 (100)     8%          2    25-65

Your spell library contained the following spells:

 Spells                   Type           Power        Failure   Level  Hunger
 Scorpion Form Tmut/Pois 7 (200) 30% 3 65-125 Snakes to Sticks Hex/Tmut 7 (100) 30% 3 65-125 Ice Form Ice/Tmut 7 (100) 69% 4 145-245 Blade Hands Tmut           12 (200)     80%         5    265-425


Dungeon Overview and Level Annotations

Branches:
Dungeon (2/8)

Altars:
Uskayaw

Annotations:
D:2 Prince Ribbit


Innate Abilities, Weirdness & Mutations

((Your plain brown scales are resilient. (AC +6)))
((You can breathe rudimentary magical darts.))
((You cannot wear any armour on your peculiar form.))
((You are cold-blooded and are slowed more easily by cold attacks.))


Message History

Prince Ribbit is heavily wounded! (19/39) HP Prince Ribbit catches a mosquito with his tongue!
Prince Ribbit hits you but does no damage!
You thrash Prince Ribbit (7)!!! You thrash Prince Ribbit (5)!
Prince Ribbit is almost dead! (7/39) HP Prince Ribbit hits you (1)! * * * don't die
* * * A water moccasin comes into view!
The sewer rat bites you but does no damage!
You fade into invisibility!!!
You drop the empty bottle!
Your transformation is almost over!
Prince Ribbit hits you (2)! * * * don't die
* * * The sewer rat bites you but does no damage!
You are very lightly contaminated with residual magic!
You thrash Prince Ribbit (4)! You barely miss Prince Ribbit!
Prince Ribbit is almost dead! (3/39) HP Prince Ribbit hits you (5)! rip

#≈ #.# #≈≈### ###.≈≈≈#####
#.≈≈.≈≈≈≈≈≈#############
#..≈≈≈≈≈≈≈≈#♣rrr≈≈≈≈≈.≈# ≈
#######≈≈≈≈≈≈≈≈≈#F#r#≈#.§.#≈≈≈≈
...≈≈≈<≈≈≈≈≈≈..≈rrr..≈≈...≈≈≈≈≈
≈≈.≈≈≈≈.≈..≈?≈≈≈≈r≈.≈≈≈≈≈≈≈≈≈≈≈
≈..≈≈≈P..b≈≈≈≈≈≈≈≈≈...≈≈≈≈≈≈≈PP
≈.≈≈≈≈..≈.≈P≈≈≈≈≈≈≈.≈..≈≈≈≈≈≈≈P
≈.≈≈≈≈.≈≈≈PPPPP≈≈≈..PS≈≈≈≈≈≈≈≈≈
..≈≈≈≈.≈≈≈≈PP;PPPP.P≈≈≈≈≈≈≈≈≈≈≈
.≈≈≈≈≈≈.÷P≈≈P≈P≈P..≈≈≈≈≈≈≈≈≈F.P


You could see Prince Ribbit, a submerged water moccasin (wandering), 7 submerged
sewer rats and a neutral slimehead (wandering) (passive).

Vanquished Creatures
  2 bullfrogs (D:2)
  2 jellies (D:2)
  A giant cockroach (D:1)
  An adder (D:2)
  5 cinder newts
  An ooze (D:2)
  A dart slug (D:1)
  2 leopard geckos
  A ball python (D:2)
  9 bats (D:1)
  A goblin (D:1)
  4 hobgoblins (D:1)
  A goblin skeleton (D:2)
  4 kobolds (D:1)
  4 rats (D:1)
39 creatures vanquished.

Vanquished Creatures (others)
  A worm (D:2)
  A bat (D:1)
  A giant blowfly (D:2)
  4 slimeheads (D:2)
  62 withered plants (D:2)
69 creatures vanquished.

Grand Total: 108 creatures vanquished

Notes
Turn   | Place    | Note
-------+----------+-------------------------------------------
     0 | D:1      | namelastname112 the Immature Draconian Transmuter began the
                  | quest for the Orb.
     0 | D:1      | Reached XP level 1. HP: 16/16 MP: 4/4
    20 | D:1      | Reached XP level 2. HP: 15/23 MP: 5/5
   125 | D:1      | Learned a level 2 spell: Sticks to Snakes
   180 | D:1      | Reached XP level 3. HP: 25/29 MP: 7/7
   648 | D:1      | Found a hide-covered altar of Uskayaw.
   788 | D:2      | Reached XP level 4. HP: 30/36 MP: 8/8
  1079 | D:2      | Reached XP level 5. HP: 42/42 MP: 10/10
  1090 | D:2      | Noticed Prince Ribbit
  1097 | D:2      | HP: 1/42 [bullfrog (6)]
  1108 | D:2      | Noticed a water moccasin
  1109 | D:2      | HP: 3/67 [Prince Ribbit (2)]
  1110 | D:2      | Slain by Prince Ribbit

Levels and vault maps discovered:
D:1:      dpeg_arrival_water_altar, layout_cave_pools, minmay_hexomino_u4
D:2:      layout_sewer, sewer_frog_pond, first_ration

Skill      XL: |  1  2  3  4  5 |
---------------+----------------+-----
Transmutations | 2 3 |  3.3
Spellcasting   | 3 |  3.9
Fighting       | 2 3 |  3.0
Dodging        | 2 |  2.4
Unarmed Combat | 3 |  3.4

Action                   |  1- 3 |  4- 6 || total
-------------------------+-------+-------++-------
Melee: Unarmed           |   134 |    66 ||   200
       Peck              |     6 |     5 ||    11
 Cast: Sticks to Snakes  |       |     2 ||     2
  Use: Potion            |       |     3 ||     3
  Eat: Chunk             |       |     1 ||     1
Armor: Skin              |    39 |    27 ||    66
Dodge: Dodged            |    16 |    20 ||    36
